 Dungeon Crawl Stone Soup version 0.21-a0-186-g02e8684 (webtiles) character file.

169811 Helio the Unseen (level 17, -2/89 HPs)
             Began as a Spriggan Enchanter on Aug 13, 2017.
             Was the Champion of Dithmenos.
             Succumbed to an emperor scorpion's poison
             ... on level 3 of the Spider Nest.
             The game lasted 02:29:01 (49390 turns).

Helio the Unseen (Spriggan Enchanter)              Turns: 49390, Time: 02:29:02

Health: -2/89      AC:  8    Str:  8    XL:     17   Next: 36%
Magic:  22/38      EV: 38    Int: 21    God:    Dithmenos [******]
Gold:   904        SH:  0    Dex: 18    Spells: 33/48 levels left

rFire    + + +     SeeInvis +   Y - +5 dagger
rCold    + + .     Gourm    .   (shield restricted)
rNeg     . . .     Faith    .   E - +1 robe {rC+ rF+}
rPois    .         Spirit   .   k - +2 hat
rElec    .         Reflect  .   z - +2 cloak
rCorr    .         Harm     .   (gloves unavailable)
MR       ++...                  (boots unavailable)
Stlth    ++++++++++             C - amulet of rage
HPRegen  0.24/turn              x - +6 ring of evasion
MPRegen  0.26/turn              w - ring "Nyunam" {rF+ rC+ Int+3 SInv}

@: lethally poisoned (-2 -> -34), wreathed by umbra, very quick
A: unfitting armour, horns 1, talons 1, see invisible, fire resistance 1,
herbivore 3, speed 3, slow metabolism 2
a: Shadow Step, Shadow Form, Renounce Religion, Evoke Berserk Rage


You were on level 3 of the Spider Nest.
You worshipped Dithmenos.
Dithmenos was exalted by your worship.
You were full.

You visited 6 branches of the dungeon, and saw 29 of its levels.
You also visited: Ice Cave and Volcano.

You collected 2434 gold pieces.
You spent 1530 gold pieces at shops.

Inventory:

Hand Weapons
 Y - a +5 dagger (weapon)
 Z - a +2 rapier of flaming
Missiles
 M - 5 throwing nets (quivered)
Armour
 g - a +2 robe of magic resistance
 k - a +2 hat (worn)
 s - a +2 robe of the Archmagi
 z - a +2 cloak (worn)
 B - a +2 buckler of reflection
 E - a +1 robe of resistance (worn)
Jewellery
 w - the ring "Nyunam" (right hand) {rF+ rC+ Int+3 SInv}
   (You bought it in a shop on level 2 of the Orcish Mines)

   [ring of protection from cold]

   It affects your intelligence (+3).
   It protects you from fire.
   It protects you from cold.
   It lets you see invisible.
 x - a +6 ring of evasion (left hand)
 C - an amulet of rage (around neck)
Wands
 i - a wand of paralysis (11/24)
 v - a wand of enslavement (2/24)
 J - a wand of iceblast (12/15)
 L - a wand of iceblast (5/15)
 S - a wand of acid (3/15)
 T - a wand of iceblast (10/15)
 U - a wand of digging (15/24)
Scrolls
 b - 5 scrolls of blinking
 d - 3 scrolls of magic mapping
 p - a scroll of holy word
 r - 13 scrolls of teleportation
 u - 12 scrolls of remove curse
 A - 3 scrolls of identify
 O - a scroll of fear
Potions
 c - 3 potions of lignification
 e - a potion of resistance
 h - 10 potions of flight
 j - 2 potions of haste
 l - a potion of mutation
 F - a potion of cancellation
 K - 4 potions of brilliance
Books
 n - Wafud's Volume of Beguiling
   (You found it on level 4 of the Spider Nest)

   Spells                             Type                      Level
   a - Dazzling Spray                 Conjuration/Hexes            3
   b - Tukima's Dance                 Hexes                        3
   c - Spectral Weapon                Hexes/Charms                 3
   d - Fulminant Prism                Conjuration/Hexes            4
Comestibles
 o - 11 bread rations


   Skills:
 + Level 10.3 Fighting
 + Level 13.4 Short Blades
 + Level 16.4 Dodging
 + Level 20.8 Stealth
 + Level 16.1 Spellcasting
 + Level 16.3 Hexes


You had 33 spell levels left.
You knew the following spells:

 Your Spells              Type           Power        Failure   Level  Hunger
a - Ensorcelled Hibernat  Hex/Ice        ######       1%          2    None
b - Corona                Hex            ######.      0%          1    None
c - Confuse               Hex            ######..     0%          3    None
d - Tukima's Dance        Hex            ######..     0%          3    None
e - Dazzling Spray        Conj/Hex       ######       1%          3    None
f - Spectral Weapon       Hex/Chrm       ######..     1%          3    None


Dungeon Overview and Level Annotations

Branches:
Dungeon (15/15)            Temple (1/1) D:4            Lair (6/6) D:10
 Shoals (0/4) Lair:2       Spider (4/4) Lair:4        Slime (0/5) Lair:5
    Orc (2/2) D:12            Elf (0/3) Orc:2        Vaults (0/5) D:14
 Depths (1/5) D:15

Altars:
Ashenzari
Cheibriados
Dithmenos
Elyvilon
Fedhas
Gozag
Hepliaklqana
Kikubaaqudgha
Makhleb
Nemelex Xobeh
Okawaru
Qazlal
Ru
Sif Muna
Trog
Uskayaw
Vehumet
Wu Jian
Xom
Yredelemnul
Zin
The Shining One

Shops:
D:11 =   D:12 *   D:14 (   Orc:2 ([*=

Annotations:
D:8 2 transporters
D:15 exclusion: Roxanne, Roxanne


Innate Abilities, Weirdness & Mutations

You are very small and have problems with some larger weapons.
You are too small for most types of armour.
You have supernaturally acute eyesight. (SInv)
You are a herbivore.
You cover ground extremely quickly.
You need consume almost no food.
You have a pair of small horns on your head.
You have sharp toenails.
Your flesh is heat resistant. (rF+)


Message History

The emperor scorpion is heavily wounded.
Your shadow hits the emperor scorpion but does no damage.
* * * LOW HITPOINT WARNING * * *
You feel sick.
Your spectral weapon closely misses the emperor scorpion.
Unknown command.
You cannot move.
Unknown command.
You feel protected.
* * * LOW HITPOINT WARNING * * *
You feel very sick.
Unknown command.
Your magical effects are unravelling.
You feel magically purged.
You feel less wooden.
Your +2 cloak unmelds from your body.
Your +2 hat unmelds from your body.
Your +1 robe of resistance unmelds from your body.
You feel resistant to extremes of temperature.
Your resistance to elements expires.
You die...

...##...#^...###
........#.#..#
....#...##..##
....#........#
...#..#....^#############
...........#.##..#^#....##
#.......#....§#§.§.......##
.#.#^......#..#§§§##......#
...^.....#.....§@(#......##
.)...#.........§#.s..#....#
...............##.........#
..#........^#....#.......##
.........#..#...........##
.##..................#...#
.#...#....#..............#
....#....#<..#..........##
.##.........#.#.........#


You could see an emperor scorpion (confused) and a friendly spectral enchanted
dagger.

Vanquished Creatures
  Rupert (Lair:3)
  Gastronok (D:8)
  Kirke (Lair:4)
  2 orc warlords (Orc:2)
  A ghost moth (Spider:3)
  A frost giant (IceCv)
  4 emperor scorpions
  The ghost of jotwebe the Brawler, a journeyman DrTm of Wu Jian (Orc:2)
  The ghost of jotwebe the Brawler, a journeyman DrTm of Elyvilon (Lair:6)
  3 stone giants
  The ghost of temujin the Eclecticist, a journeyman DEFE of Vehumet (D:14)
  Nessos (D:12)
  Azrael (D:13)
  Snorg (D:12)
  The ghost of glosham the Covert, a journeyman GnAK of Lugonu (Lair:3)
  A fire dragon (Lair:6)
  An ettin (D:15)
  The ghost of Mandevil the Summoner, a journeyman GnSu of Sif Muna (Lair:6)
  Fannar (D:10)
  An ice dragon (Depths:1)
  Harold (Lair:2)
  4 vault guards (D:14)
  8 hydras
  4 centaur warriors
  An ogre mage (D:15)
  Erica (D:10)
  9 two-headed ogres
  A tengu warrior (D:15)
  5 death yaks
  3 orc high priests (Orc:2)
  Urug (D:10)
  A fire crab (shapeshifter) (D:14)
  A deep elf knight (D:15)
  3 unseen horrors
  2 lindwurms
  6 orc knights
  The ghost of temujin the Thaumaturge, a novice DEFE (D:7)
  17 orb spiders
  22 ugly things
  3 cyclopes
  7 orc sorcerers
  19 slime creatures
  30 wolf spiders
  2 manticores
  3 elephants (Lair:3)
  2 moths of wrath
  Maurice (Orc:2)
  4 black mambas
  A torpor snail (Lair:3)
  2 ice statues (IceCv)
  Psyche (D:11)
  3 gargoyles
  2 molten gargoyles (Lair:6)
  4 centaur skeletons
  6 spiny frogs
  10 komodo dragons
  An efreet (Volcano)
  10 demonic crawlers
  A redback zombie (D:13)
  17 polar bears
  6 trolls
  5 hornets
  37 jumping spiders
  8 blink frogs
  8 hippogriffs
  5 dream sheep
  A snapping turtle (Lair:2)
  48 redbacks
  A shadow (D:11)
  3 vampires
  2 wyverns
  Sigmund (D:3)
  2 wraiths
  A human (D:9)
  37 orc warriors
  53 yaks
  19 tarantellas
  4 hogs (D:9)
  3 fire elementals
  8 basilisks
  A fire bat (Volcano)
  2 steam dragons (Lair:6)
  4 hungry ghosts
  6 wargs
  14 water moccasins
  7 hell hounds
  3 acid dragons (D:14)
  13 porcupines
  8 ice beasts
  An eye of draining (D:9)
  A necrophage (D:12)
  7 ogres
  3 sky beasts
  3 black bears
  6 phantoms
  30 wolves
  4 centaurs
  16 crocodiles
  Blork the orc (Orc:1)
  2 gnoll sergeants
  4 big kobolds
  17 bullfrogs
  2 earth elementals (Volcano)
  A wyvern zombie (D:13)
  4 scorpions
  14 killer bees
  2 electric eels (Lair:4)
  2 vampire bats (D:3)
  7 howler monkeys
  8 lava snakes
  9 crimson imps
  4 centaur zombies
  A bullfrog zombie (D:10)
  A quasit (D:9)
  6 hounds
  21 orc priests
  7 jellies
  3 bullfrog skeletons
  Natasha (thrice) (D:2 D:3)
  4 iguanas
  Ijyb (D:5)
  34 orc wizards
  14 worker ants
  A hound zombie (D:9)
  A howler monkey zombie (D:5)
  8 gnolls
  12 adders
  4 shadow imps
  An ooze (D:4)
  An adder skeleton (D:4)
  An adder zombie (D:5)
  4 worms
  2 dart slugs (D:4)
  5 leopard geckos
  87 orcs
  3 bat skeletons (D:3)
  2 bat zombies (D:3)
  4 giant cockroaches
  10 goblins
  10 hobgoblins
  30 kobolds
  5 quokkas
  A ball python (D:4)
  17 bats
  9 frilled lizards
  2 jackal skeletons
  A leopard gecko skeleton (D:9)
  6 rats
1026 creatures vanquished.

Vanquished Creatures (collateral kills)
  An orc high priest (Orc:2)
  An orc knight (Orc:2)
  7 orc warriors
  2 orc priests (D:7)
  4 orc wizards
  10 orcs
25 creatures vanquished.

Vanquished Creatures (others)
  A polar bear (IceCv)
  3 dancing weapons
  19 fungi
  4 plants
27 creatures vanquished.

Grand Total: 1078 creatures vanquished

Notes
Turn   | Place    | Note
-------+----------+-------------------------------------------
     0 | D:1      | Helio the Spriggan Enchanter began the quest for the Orb.
     0 | D:1      | Reached XP level 1. HP: 9/9 MP: 5/5
   362 | D:1      | Reached XP level 2. HP: 10/13 MP: 5/7
   366 | D:1      | Learned a level 2 spell: Ensorcelled Hibernation
  1240 | D:1      | Reached XP level 3. HP: 16/16 MP: 9/9
  1253 | D:1      | Learned a level 3 spell: Confuse
  1257 | D:1      | Learned a level 3 spell: Tukima's Dance
  2061 | D:2      | Noticed Natasha
  2065 | D:2      | Killed Natasha
  2391 | D:2      | Reached XP level 4. HP: 21/21 MP: 11/11
  2703 | D:2      | Reached skill level 5 in Hexes
  2861 | D:2      | Learned a level 3 spell: Dazzling Spray
  3184 | D:2      | Found a snail-covered altar of Cheibriados.
  3465 | D:3      | Noticed Sigmund
  4308 | D:2      | Gained mutation: You are agile. (Dex +2) [potion of mutation]
  4308 | D:2      | Lost mutation: You are agile. (Dex +2) [potion of mutation]
  4308 | D:2      | Gained mutation: You have sharp fingernails. [potion of mutation]
  4397 | D:3      | Noticed Natasha
  4594 | D:3      | Killed Natasha
  4594 | D:3      | Reached skill level 5 in Spellcasting
  4594 | D:3      | Reached XP level 5. HP: 24/24 MP: 8/13
  4633 | D:3      | Killed Sigmund
  4633 | D:3      | Reached XP level 6. HP: 27/28 MP: 3/16
  4770 | D:3      | Noticed a hungry ghost
  4971 | D:3      | Noticed Natasha
  5197 | D:3      | Killed Natasha
  5593 | D:4      | Reached XP level 7. HP: 19/32 MP: 5/18
  5807 | D:4      | Found a staircase to the Ecumenical Temple.
  5825 | Temple   | Entered the Ecumenical Temple
  5855 | Temple   | Became a worshipper of Dithmenos the Shadowed
  6232 | D:3      | Found an ancient bone altar of Kikubaaqudgha.
  6296 | D:3      | Killed a hungry ghost
  6322 | D:3      | Found an opulent altar of Gozag.
  7192 | D:4      | Reached * piety under Dithmenos
  7192 | D:4      | Reached XP level 8. HP: 36/36 MP: 12/21
  7641 | D:4      | Reached skill level 5 in Stealth
  7730 | D:4      | Reached skill level 6 in Stealth
  7976 | D:5      | Entered Level 5 of the Dungeon
  7992 | D:5      | Reached skill level 7 in Stealth
  8068 | D:5      | Reached skill level 8 in Stealth
  8222 | D:5      | Noticed Ijyb
  8274 | D:5      | Killed Ijyb
  8489 | D:5      | Reached skill level 9 in Stealth
  8730 | D:5      | Found a deep blue altar of Sif Muna.
  9249 | D:6      | Reached skill level 10 in Stealth
  9511 | D:6      | Found a deep blue altar of Sif Muna.
  9511 | D:6      | Found a hazy altar of Hepliaklqana.
  9819 | D:7      | Noticed a hippogriff
  9825 | D:7      | Killed a hippogriff
  9825 | D:7      | Reached skill level 11 in Stealth
  9825 | D:7      | Reached XP level 9. HP: 38/39 MP: 19/22
  9869 | D:7      | Noticed temujin's ghost (novice DEFE)
 10404 | D:7      | Found a blossoming altar of Fedhas.
 10591 | D:7      | Reached ** piety under Dithmenos
 10651 | D:7      | Reached skill level 12 in Stealth
 11365 | D:7      | Reached skill level 13 in Stealth
 11399 | D:7      | Killed temujin's ghost
 11399 | D:7      | Reached skill level 1 in Fighting
 11950 | D:8      | Noticed a two-headed ogre
 11958 | D:8      | Killed a two-headed ogre
 11958 | D:8      | Reached skill level 5 in Dodging
 12104 | D:8      | Reached XP level 10. HP: 46/46 MP: 20/24
 12130 | D:8      | Noticed Gastronok
 12483 | D:8      | Killed Gastronok
 12483 | D:8      | Reached skill level 14 in Stealth
 12715 | D:8      | Reached *** piety under Dithmenos
 12970 | D:8      | Noticed a two-headed ogre
 12980 | D:8      | Killed a two-headed ogre
 12980 | D:8      | Reached skill level 10 in Spellcasting
 12980 | D:8      | Reached skill level 10 in Hexes
 13049 | D:8      | Found a transporter.
 13063 | D:8      | Found a transporter.
 13065 | D:8      | Noticed a two-headed ogre
 13074 | D:8      | Found a hide-covered altar of Uskayaw.
 13502 | D:9      | Found a shimmering altar of Xom.
 13714 | D:9      | Found a white marble altar of Elyvilon.
 13720 | D:9      | Reached skill level 5 in Short Blades
 14272 | D:9      | Reached XP level 11. HP: 53/53 MP: 19/26
 14482 | D:10     | Entered Level 10 of the Dungeon
 14599 | D:10     | Noticed Urug
 14601 | D:10     | Killed Urug
 14863 | D:10     | Noticed a two-headed ogre
 14871 | D:10     | Killed a two-headed ogre
 14895 | D:10     | Noticed Erica
 14953 | D:10     | Noticed Fannar
 14983 | D:10     | Killed Fannar
 14983 | D:10     | Reached skill level 15 in Stealth
 15293 | D:10     | Noticed an unseen horror
 15307 | D:10     | Killed an unseen horror
 15325 | D:10     | Reached **** piety under Dithmenos
 16050 | D:10     | Found a staircase to the Lair.
 16081 | D:10     | Killed Erica
 16393 | D:11     | Reached skill level 5 in Fighting
 16552 | D:11     | Noticed a two-headed ogre
 16659 | D:11     | Reached XP level 12. HP: 60/60 MP: 10/28
 16696 | D:11     | Killed a two-headed ogre
 16706 | D:11     | Noticed Psyche
 16754 | D:11     | Killed Psyche
 17522 | D:11     | Found Musm's Jewellery Boutique.
 17618 | D:12     | Found Topla's Blood Bar.
 17632 | D:12     | Reached ***** piety under Dithmenos
 18165 | D:12     | Noticed Nessos
 18218 | D:12     | Killed Nessos
 18527 | D:12     | Noticed a two-headed ogre
 18532 | D:12     | Killed a two-headed ogre
 18532 | D:12     | Reached skill level 10 in Dodging
 18541 | D:12     | Reached skill level 16 in Stealth
 18609 | D:12     | Noticed Snorg
 18611 | D:12     | Killed Snorg
 18631 | D:12     | Found a staircase to the Orcish Mines.
 19537 | D:13     | Noticed a centaur warrior
 19809 | D:13     | Noticed Azrael
 20370 | D:13     | HP: 1/60 [Azrael/scimitar of flaming (4)]
 20384 | D:13     | Killed Azrael
 20685 | D:13     | Killed a centaur warrior
 20685 | D:13     | Reached XP level 13. HP: 65/65 MP: 27/30
 20777 | D:13     | Found a stormy altar of Qazlal.
 21826 | Lair:1   | Entered Level 1 of the Lair of Beasts
 22877 | Lair:2   | Noticed Harold
 22898 | Lair:2   | Killed Harold
 22898 | Lair:2   | Reached skill level 17 in Stealth
 23188 | Lair:2   | Learned a level 3 spell: Spectral Weapon
 23212 | Lair:2   | Found a staircase to the Shoals.
 23746 | Lair:3   | Noticed Rupert
 23877 | Lair:3   | Killed Rupert
 24182 | Lair:3   | Noticed glosham's ghost (journeyman GnAK)
 24200 | Lair:3   | Killed glosham's ghost
 24989 | Lair:3   | Reached XP level 14. HP: 72/72 MP: 27/32
 25307 | Lair:4   | Found a hole to the Spider Nest.
 25808 | Lair:4   | Reached skill level 10 in Short Blades
 26461 | Lair:4   | Noticed Kirke
 26572 | Lair:4   | Killed Kirke
 26952 | Lair:5   | Found a staircase to the Slime Pits.
 27357 | Lair:5   | Found a hazy altar of Hepliaklqana.
 27637 | Lair:5   | Reached skill level 18 in Stealth
 27980 | Lair:6   | Entered Level 6 of the Lair of Beasts
 28117 | Lair:6   | Found a frozen archway.
 28122 | IceCv    | Entered an ice cave
 29937 | IceCv    | Noticed a frost giant
 29940 | IceCv    | Killed a frost giant
 31977 | Lair:6   | Reached ****** piety under Dithmenos
 32091 | Lair:6   | Noticed Mandevil's ghost (journeyman GnSu)
 32106 | Lair:6   | Killed Mandevil's ghost
 32155 | Lair:6   | Noticed jotwebe's ghost (journeyman DrTm)
 32300 | Lair:6   | Reached XP level 15. HP: 77/77 MP: 24/34
 32573 | Lair:6   | Killed jotwebe's ghost
 33063 | Lair:6   | Found a large runed door.
 33063 | Lair:6   | Found a large runed door.
 33635 | Orc:1    | Entered Level 1 of the Orcish Mines
 33703 | Orc:1    | Noticed Blork the orc
 34319 | Orc:1    | Killed Blork the orc
 34856 | Orc:2    | Entered Level 2 of the Orcish Mines
 34877 | Orc:2    | Noticed jotwebe's ghost (journeyman DrTm)
 34886 | Orc:2    | Found a staircase to the Elven Halls.
 34890 | Orc:2    | Noticed Maurice
 34897 | Orc:2    | Killed Maurice
 34951 | Orc:2    | Noticed an orc warlord
 34959 | Orc:2    | Killed an orc warlord
 34966 | Orc:2    | Found a dark tunnel.
 35015 | Volcano  | Entered a volcano
 35242 | Volcano  | Found a bloodstained altar of Trog.
 35251 | Volcano  | Reached skill level 19 in Stealth
 35514 | Orc:2    | Killed jotwebe's ghost
 35974 | Orc:2    | Noticed an orc warlord
 36546 | Orc:2    | Killed an orc warlord
 38108 | Orc:2    | Found Negutagy's General Store.
 38108 | Orc:2    | Found Vyxasunk's Jewellery Emporium.
 38122 | Orc:2    | Found Oheelum's Antique Armour Shoppe.
 38122 | Orc:2    | Found Lextoagg's Antique Weapon Shoppe.
 38146 | Orc:2    | Bought the ring "Nyunam" {rF+ rC+ Int+3 SInv} for 594 gold pieces
 38146 | Orc:2    | Bought a +6 ring of evasion for 936 gold pieces
 38375 | D:14     | Noticed temujin's ghost (journeyman DEFE)
 38389 | D:14     | Killed temujin's ghost
 38652 | D:14     | Reached skill level 15 in Hexes
 38764 | D:14     | Found a gate to the Vaults.
 39387 | D:14     | Found Jocsabb's Antique Weapon Shoppe.
 39725 | D:14     | Reached skill level 15 in Spellcasting
 39925 | D:14     | Reached XP level 16. HP: 84/84 MP: 27/36
 40304 | D:15     | Entered Level 15 of the Dungeon
 40598 | D:15     | Reached skill level 15 in Dodging
 40894 | D:15     | Noticed Roxanne
 40915 | D:15     | Found a staircase to the Depths.
 42016 | Depths:1 | Entered Level 1 of the Depths
 42356 | D:14     | Lost mutation: You have sharp fingernails. [potion of mutation]
 42356 | D:14     | Gained mutation: You have a pair of small horns on your head. [potion of mutation]
 42356 | D:14     | Gained mutation: Your flesh is heat resistant. (rF+) [potion of mutation]
 42356 | D:14     | Gained mutation: You have sharp toenails. [potion of mutation]
 42520 | Spider:1 | Entered Level 1 of the Spider Nest
 42776 | Spider:1 | Reached skill level 20 in Stealth
 45249 | Spider:2 | Reached skill level 10 in Fighting
 45949 | Spider:3 | Reached XP level 17. HP: 89/89 MP: 37/37
 46889 | Spider:4 | Entered Level 4 of the Spider Nest
 46894 | Spider:4 | Identified Wafud's Volume of Beguiling
 48860 | Spider:3 | HP: 5/133 [poisoned by a ghost moth]
 48864 | Spider:3 | HP: 2/133 [poisoned by a ghost moth]
 48870 | Spider:3 | HP: 1/133 [poisoned by a ghost moth]
 48875 | Spider:3 | HP: 1/89 [poisoned by a ghost moth]
 48882 | Spider:3 | HP: 1/89 [poisoned by a ghost moth]
 49387 | Spider:3 | HP: 6/133 [poisoned by an emperor scorpion]
 49389 | Spider:3 | HP: 2/133 [poisoned by an emperor scorpion]
 49390 | Spider:3 | Succumbed to an emperor scorpion's poison

Vault maps used:
D:1:      dpeg_arrival_windows_large_door
D:2:      lemuel_round_altar, st_stairs_1, feat_on_display, uniq_natasha
D:3:      grunt_gozag_statues, kennysheep_vampire_church, uniq_sigmund
D:4:      temple_statues
D:5:      first_bread, glass_columns_b, minmay_holes, led_sif_pool, uniq_ijyb
D:6:      gammafunk_temple_overflow_wave
D:7:      marbit_many_paths
D:8:      gammafunk_temple_overflow_arena, uniq_gastronok
D:9:      elyvilon_altar_3, xom_teletrap_fun, grunt_livestock
D:10:     grunt_lair_entry_orc_guard_hut, uniq_urug, uniq_fannar, uniq_erica
D:11:     serial_shops, nicolae_shop_crystal, uniq_psyche
D:12:     david_orc_1_choice, guppyfry_shop_blood, uniq_nessos, uniq_snorg
D:13:     minmay_misc_feat_roman, grunt_qazlal_clouds, uniq_azrael
D:14:     lightli_vaults_fourway_checkpoint, serial_column_ruins,
          column_ruins_hut_ruined, column_ruins_columns_plus,
          column_ruins_open_tiny_water, column_ruins_grid_3,
          column_ruins_open_small, column_ruins_open_tiny, serial_shops,
          nicolae_shop_overgrown_old_shop, nrook_pool_corridor
D:15:     hangedman_depths_entry_civil_slaughter, nicolae_sextant, uniq_roxanne
Temple:   nicolae_temple_god_jail
Lair:2:   minmay_shoals_entry_hut, uniq_harold
Lair:3:   uniq_rupert
Lair:4:   spider_nest_entry_rubble, fungi_pond_lemuel, uniq_kirke
Lair:5:   slime_dummy, basic_altar, beast_lair_carwin_7, grunt_megastairs_3
Lair:6:   cheibrodos_lair_end_hotspot, portal_ice_cave_entry_ice_beasts
Spider:1: guppyfry_spider_mini_1
Spider:2: nicolae_spider_mines_3, hangedman_spider_tarantella_strand
Spider:3: nicolae_spider_webbed_stairs
Spider:4: grunt_spider_rune_circles, nicolae_spider_shape
Orc:1:    sword_in_stone
Orc:2:    st_orc_congregation, nicolae_volcano_entry_vermiform, uniq_maurice
Depths:1: enter_ziggurat_e, hangedman_decor_push, grunt_metal_band,
          serial_bayou, serial_bayou_lagoon_a, serial_bayou_pond_e,
          serial_bayou_crossing, serial_bayou_shore_a, serial_bayou_pond_d,
          wad_scary_box
IceCv:    ice_cave_small_giant
Volcano:  volcano_grotto

Skill      XL: |  1  2  3  4  5  6  7  8  9 10 11 12 13 14 15 16 17 |
---------------+----------------------------------------------------+-----
Spellcasting   | 3 4 5 6 8 9 10 11 12 13 14 15 16 | 16.1
Hexes          | 4 5 6 7 8 9 10 11 12 13 14 15 16 | 16.3
Stealth        | 11 13 14 15 16 17 18 19 20 | 20.8
Fighting       | 2 3 5 6 7 8 9 10 | 10.3
Short Blades   | 3 5 6 8 9 11 12 13 | 13.4
Dodging        | 5 7 9 11 12 13 14 16 | 16.4

Action                   |  1- 3 |  4- 6 |  7- 9 | 10-12 | 13-15 | 16-18 || total
-------------------------+-------+-------+-------+-------+-------+-------++-------
Melee: Dagger            |    78 |   249 |   343 |   606 |  1061 |   441 ||  2778
       Kick              |       |       |       |       |       |    54 ||    54
       Headbutt          |       |       |       |       |       |    34 ||    34
 Cast: Corona            |     8 |       |       |       |       |       ||     8
       Ensorcelled Hiber |    23 |    20 |    40 |   114 |   260 |   148 ||   605
       Confuse           |       |    33 |    45 |    81 |   182 |    79 ||   420
       Dazzling Spray    |       |    14 |    23 |    42 |    65 |    36 ||   180
       Tukima's Dance    |       |       |     4 |     8 |    20 |       ||    32
       Spectral Weapon   |       |       |       |       |     5 |     3 ||     8
Invok: Shadow Step       |       |       |       |     3 |     8 |     3 ||    14
 Abil: Evoke Berserk Rag |       |       |       |       |       |     1 ||     1
Evoke: Wand              |       |       |     3 |     3 |    17 |     7 ||    30
  Use: Scroll            |     2 |     8 |     8 |     9 |    19 |     7 ||    53
       Potion            |       |     2 |     2 |     5 |    10 |    12 ||    31
 Stab: Sleeping          |    17 |    19 |    41 |   116 |   254 |   142 ||   589
       Confused          |       |     8 |    30 |    58 |   118 |    57 ||   271
       Invisible         |       |     3 |     5 |     7 |    27 |     6 ||    48
       Distracted        |       |       |       |     2 |     9 |     1 ||    12
  Eat: Bread ration      |       |     1 |     1 |       |       |       ||     2
       Royal jelly       |       |     1 |     2 |     4 |     5 |     4 ||    16
       Fruit             |       |       |       |     4 |    12 |       ||    16
Armor: Robe              |     8 |    77 |    26 |    23 |    39 |    20 ||   193
       Skin              |       |       |       |       |       |    23 ||    23
Dodge: Dodged            |    67 |   326 |   257 |   358 |   890 |   563 ||  2461
